 Dungeon Crawl Stone Soup version 0.29.1-12-g30fa7ad0bf (webtiles) character file.

Game seed: 4553867732080557334

63 Dillybarz the Trooper (level 4, -6/40 HPs)
             Began as a Hill Orc Fighter on Dec 22, 2022.
             Was a Follower of Dithmenos.
             Mangled by a small abomination (16 damage)
             ... on level 1 of the Abyss.
             The game lasted 00:05:35 (1832 turns).

Dillybarz the Trooper (Hill Orc Fighter)            Turns: 1832, Time: 00:05:36

Health: -6/40      AC:  7    Str: 20    XL:     4   Next: 10%
Magic:  5/5        EV:  9    Int:  8    God:    Dithmenos [*.....]
Gold:   84         SH:  4    Dex: 10    Spells: 3/3 levels left

rFire   . . .      SeeInvis .   a - +0 war axe
rCold   . . .      Faith    .   c - +0 buckler
rNeg    . . .      Spirit   .   b - +0 scale mail
rPois   .          Reflect  .   (no helmet)
rElec   .          Harm     .   (no cloak)
rCorr   .          Rampage  .   (no gloves)
Will    .....                   (no boots)
Stlth   ..........              (no amulet)
HPRegen 0.13/turn               (no ring)
MPRegen 0.09/turn               (no ring)

@: wreathed by umbra
A: no striking features
a: Renounce Religion


You were on level 1 of the Abyss.
You worshipped Dithmenos.
Dithmenos was aware of your devotion.
You visited 1 branch of the dungeon, and saw 2 of its levels.
You visited the Abyss 1 time.

You collected 84 gold pieces.

Inventory:

Hand Weapons
 a - a +0 war axe (weapon)
Armour
 b - a +0 scale mail (worn)
 c - a +0 buckler (worn)
Jewellery
 g - a ring of fire
Scrolls
 e - 5 scrolls of identify {unknown}
 f - a scroll of brand weapon {unknown}
 h - a scroll of amnesia {unknown}
 i - a scroll of poison {unknown}
Potions
 d - a potion of might
 j - a potion of magic {unknown}


   Skills:
 + Level 4.2 Fighting
 + Level 3.5 Axes
 + Level 3.8 Armour
 + Level 3.8 Shields
 + Level 1.3 Invocations


You had 3 spell levels left.
You didn't know any spells.
Your spell library was empty.

Dungeon Overview and Level Annotations

Branches:
Dungeon (2/15)

Altars:
Dithmenos

Shops:
D:2 [

Annotations:
D:2 Terence


Message History

Terence is moderately wounded.
A jackal comes into view.
Terence barely misses you.
The jackal moves out of view.
You hit Terence.
Terence is moderately wounded.
Terence hits you with a +2 short sword of distortion.
Space warps around you. You block Terence's attack.
You closely miss Terence.
Terence is moderately wounded.
Terence barely misses you.
A hobgoblin comes into view.
The hobgoblin shouts!
You hit Terence.
Terence is moderately wounded.
You hear a shout!
You block Terence's attack.
You slash Terence!
Terence is almost dead.
Terence hits you but does no damage. Space warps horribly around you!
Terence hits you with a +2 short sword of distortion!
You are cast into the Abyss!
This branch contains the abyssal rune of Zot.
Unknown command.
You start resting.
A wretched star comes into view.
A wretched star is nearby!
You start resting.
A small abomination appears in a shower of translocational energy.
The small abomination hits you. The small abomination hits you!
The small abomination attacks as you move away!
The small abomination hits you!
* * * LOW HITPOINT WARNING * * *
You block the small abomination's attack.
You block the small abomination's attack.
The small abomination closely misses you.
The small abomination attacks as you move away!
The small abomination closely misses you.
The small abomination hits you!
You die...

## # .### . #
#..# #. ##..###
# #. #.@.###
... . ##.x#.###
.. .
#......###.....
#...#.###..#
.... #
#..#####...###
.. # #.
##....## # #
...#.##
####...# # #
#### .


You could see a small abomination.

Vanquished Creatures
  3 adders (D:2)
  A dart slug (D:2)
  8 endoplasms
  4 goblins
  3 hobgoblins
  3 jackals
  A quokka (D:2)
  A ball python (D:1)
  2 bats (D:1)
  A frilled lizard (D:2)
  3 kobolds (D:1)
  3 rats
33 creatures vanquished.

Notes
Turn   | Place    | Note
-------+----------+-------------------------------------------
     0 | D:1      | Dillybarz the Hill Orc Fighter began the quest for the Orb.
     0 | D:1      | Reached XP level 1. HP: 19/19 MP: 1/1
   240 | D:1      | Reached XP level 2. HP: 21/27 MP: 2/2
   316 | D:1      | Found a faded altar of an unknown god.
  1013 | D:1      | Prayed at the altar of an unknown god.
  1013 | D:1      | Became a worshipper of Dithmenos the Shadowed
  1013 | D:1      | Reached * piety under Dithmenos
  1064 | D:2      | Reached skill level 4 in Fighting
  1064 | D:2      | Reached XP level 3. HP: 11/33 MP: 3/3
  1282 | D:2      | Reached skill level 1 in Invocations
  1284 | D:2      | Found Diasom's Antique Armour Shoppe.
  1433 | D:2      | Reached XP level 4. HP: 38/40 MP: 4/4
  1645 | D:2      | Noticed Terence
  1656 | Abyss:1  | Cast into level 1 of the Abyss (Terence)
  1727 | Abyss:1  | Noticed a wretched star
  1817 | Abyss:1  | Noticed a small abomination
  1832 | Abyss:1  | Mangled by a small abomination

Illustrated notes

Levels and vault maps discovered:
D:1:      elethiomel_arrival_fortress_basement, layout_basic,
          basic_ecumenical_altar
D:2:      layout_rooms, serial_shops, shop, chequers_garden, uniq_terence
Abyss:1:  base:
D:1

Skill      XL: |  1  2  3 |
---------------+----------+-----
Axes           | 3 |  3.5
Fighting       | 4 |  4.2
Invocations    | 1 |  1.3
Armour         | |  3.8
Shields        | |  3.8

Action                   |  1- 3 |  4- 6 || total
-------------------------+-------+-------++-------
Melee: War axe           |    69 |    33 ||   102
Armor: Scale mail        |    43 |    15 ||    58
Dodge: Dodged            |    35 |    19 ||    54
Block: Buckler           |    15 |    11 ||    26
